 Dungeon Crawl Stone Soup version 0.28-a0-511-gcc94558de3 (webtiles) character file.

Game seed: 16748683471101053515

3654 wakim the Cruncher (level 9, -1/83 HPs)
             Began as a Palentonga Abyssal Knight on Sept 21, 2021.
             Was an Elder of Lugonu.
             Shot with an arrow by a centaur (12 damage)
             ... on level 8 of the Dungeon.
             The game lasted 00:33:23 (10639 turns).

wakim the Cruncher (Palentonga Abyssal Knight)     Turns: 10639, Time: 00:33:24

Health: -1/83      AC: 17    Str: 20    XL:     9   Next: 88%
Magic:  12/12      EV:  8    Int: 10    God:    Lugonu [****..]
Gold:   514        SH:  0    Dex: 20    Spells: 8/8 levels left

rFire   . . .      SeeInvis +   a - +11 mace of Pyorchaef {freeze, Dex+3}
rCold   . . .      Faith    .   (no shield)
rNeg    . . .      Spirit   .   i - +1 swamp dragon scales
rPois   +          Reflect  .   l - +0 helmet
rElec   .          Harm     .   m - +0 cloak
rCorr   .          Rampage  .   (no gloves)
Will    .....                   (no barding)
Stlth   +.........              (no amulet)
HPRegen 0.23/turn               k - +6 ring of dexterity
MPRegen 0.13/turn               (no ring)

@: curled up
A: large, rugged brown scales 3, see invisible, deformed body, roll 1, armoured
tail, reflexive curl
a: Rolling Charge, Renounce Religion, Depart the Abyss, Bend Space, Banish,
Corrupt


You were on level 8 of the Dungeon.
You worshipped Lugonu.
Lugonu was greatly pleased with you.
You visited 2 branches of the dungeon, and saw 9 of its levels.
You visited the Abyss 1 time.
You also visited: Sewer.

You collected 514 gold pieces.

Inventory:

Hand Weapons
 a - the +11 mace of Pyorchaef (weapon) {freeze, Dex+3}
   (You found it on level 5 of the Dungeon)

   It freezes those it strikes, dealing additional cold damage.
   It can also slow down cold-blooded creatures.
   Dex:       It affects your dexterity (+3).
 b - the +6 whip of the Establishment {vorpal, rCorr Dex+6}
   (You found it on level 4 of the Dungeon)

   It inflicts extra damage upon your enemies.
   Dex:       It affects your dexterity (+6).
   rCorr:     It protects you from acid and corrosion.
 c - a +4 flail
 h - the +7 hunting sling of the Purse {venom, rPois MP+9 SInv}
   (You found it on level 5 of the Dungeon)

   Any ammunition fired from it poisons the flesh of those it strikes.
   rPois:     It protects you from poison.
   MP:        It affects your magic capacity (+9).
   SInv:      It lets you see invisible.
Missiles
 o - 4 boomerangs of dispersal {=f!f}
 s - 5 datura-tipped darts
Armour
 f - a +0 kite shield
 g - a +1 scale mail of positive energy
 i - +1 swamp dragon scales (worn)
 l - a +0 helmet (worn)
 m - a +0 cloak (worn)
Jewellery
 k - a +6 ring of dexterity (left hand)
Wands
 x - a wand of iceblast (17)
 y - a wand of paralysis (6)
Scrolls
 d - a scroll of enchant weapon {unknown}
 n - a scroll of noise {unknown}
 T - 7 scrolls of teleportation
 U - 3 scrolls of fear
Potions
 e - a potion of might {unknown}
 j - a potion of haste {unknown}
 B - a potion of attraction {!q}
 D - a potion of brilliance
 E - a potion of cancellation
 F - 8 potions of curing
 J - 3 potions of heal wounds
 K - a potion of magic
 L - a potion of lignification {!q}
 M - a potion of mutation {!q}
 O - 3 potions of resistance


   Skills:
 + Level 9.6 Fighting
 * Level 8.0(10.3) Maces & Flails
 - Level 10.2(11.3) Staves
 - Level 1.5 Armour
 - Level 0.7 Dodging
 + Level 0.0 Shields
 - Level 4.0 Invocations


You had 8 spell levels left.
You didn't know any spells.
Your spell library contained the following spells:

 Spells                   Type           Power      Damage    Failure   Level
 Summon Guardian Golem    Hex/Summ       0%         N/A       88%         3
 Hailstorm                Conj/Ice       0%         3d3       99%         4
 Ice Form                 Ice/Tmut       0%         N/A       99%         4
 Passage of Golubria      Tloc           N/A        N/A       99%         4
 Silence                  Hex/Air        0%         N/A       100%        5
 Simulacrum               Ice/Necr       0%         N/A       100%        6
 Orb of Destruction       Conj           0%         N/A       100%        7
 Spellforged Servitor     Conj/Summ      0%         N/A       100%        7
 Lehudib's Crystal Spear  Conj/Erth      0%         10d2      100%        8


Dungeon Overview and Level Annotations

Branches:
Dungeon (8/15)             Temple (1/1) D:5           Sewer (visited)
   Lair: D:8-11

Altars:
Cheibriados
Elyvilon
Fedhas
Hepliaklqana
Kikubaaqudgha
Nemelex Xobeh
Ru
Trog
Wu Jian
Yredelemnul
Zin
The Shining One

Shops:
D:5 [

Portals:
Abyss: D:3

Annotations:
D:3 2 transporters, sn0wgr3's ghost, amateur MiFi


Innate Abilities, Weirdness & Mutations

You are completely covered in rugged brown scales. (AC +3, +7% HP)
You have supernaturally acute eyesight. (SInv)
Armour fits poorly on your strangely shaped body.
You can roll at nearby foes to attack.
You have a long armoured tail.
You curl defensively after being hit.


Message History

Found 15 gold pieces.
Found a murky blue potion and 21 gold pieces.
You now have 493 gold pieces (gained 15).
e - a murky blue potion You now have 514 gold pieces (gained 21).
You see here a +0 leather armour.
You see here a +0 leather armour.
You see here a +0 leather armour.
There is a stone staircase leading down here.
Found a kite shield.
There is a stone staircase leading down here.
f - a +0 kite shield Setting a skill training target for Shields at 9.0.
You open the door.
A two-headed ogre and a wight come into view.
The two-headed ogre shouts in stereo!
You roll forward with a clatter of scales!
A centaur comes into view.
The centaur shouts!
You hit the two-headed ogre. You freeze the two-headed ogre.
The two-headed ogre is lightly wounded.
The two-headed ogre hits you with a +0 giant club!!
The two-headed ogre hits you with a +0 giant spiked club!!
* * * LOW HITPOINT WARNING * * *
Space bends around you!
You blink.
The centaur closely misses you.
The centaur kicks you but does no damage.
The two-headed ogre hits you with a +0 giant club!
* * * LOW HITPOINT WARNING * * *
The two-headed ogre barely misses you. Space bends around you!
You blink.
There is a stone staircase leading down here.
The centaur wields a +0 shortbow.
The centaur shoots an arrow.
The arrow hits you!
* * * LOW HITPOINT WARNING * * *
The centaur shoots an arrow.
The arrow closely misses you.
Okay, then.
The centaur shoots an arrow.
The arrow hits you.
* * * LOW HITPOINT WARNING * * *
The centaur shoots an arrow.
The arrow hits you!
You die...

###..# ♣....
##.####♣⌠..§
#.##.#♣♣♣z♣ #....#
#'# ###..### #..
###....# ##c
######.).##.## ###..
#......####..# #...#
#..@...# ##.###>###
#.....## #...#.#
#..O..# ###.#.#
#.....# ##.z.#
#.....#######c...###
#....cz...##..##..##
#.....###z...####.##
#.....# ##.#........
####### #..######...


You could see a two-headed ogre, a centaur and a wight.

Vanquished Creatures
  Maggie (D:7)
  Eustachio (D:4)
  3 steam dragons
  A water moccasin (D:7)
  An orc warrior (D:6)
  A sky beast (D:8)
  2 black bears
  4 centaurs
  A phantom (D:4)
  Blork the orc (D:4)
  5 bullfrogs
  A scorpion (D:6)
  8 wights
  3 killer bees (D:7)
  4 jellies
  2 centaur zombies
  2 bullfrog zombies (D:6)
  2 orc priests
  2 bullfrog skeletons
  Crazy Yiuf (D:5)
  An iguana (D:6)
  2 orc wizards
  A scorpion zombie (D:5)
  A hound skeleton (D:4)
  A howler monkey zombie (D:8)
  Robin (D:2)
  12 adders
  A river rat (D:4)
  2 white imps
  2 ufetubi
  2 adder skeletons (D:4)
  3 worms
  3 dart slugs
  20 orcs
  5 ball pythons
  3 bat zombies (D:5)
  10 endoplasms
  8 giant cockroaches
  10 goblins
  13 hobgoblins
  7 jackals
  8 quokkas
  3 bats
  12 frilled lizards
  15 kobolds
  9 rats
  2 rat zombies (D:5)
203 creatures vanquished.

Vanquished Creatures (others)
  A shadow imp (D:8)
  16 fungi
  6 plants (D:5)
  6 toadstools (D:2)
29 creatures vanquished.

Grand Total: 232 creatures vanquished

Notes
Turn   | Place    | Note
-------+----------+-------------------------------------------
     0 | Abyss:1  | wakim the Palentonga Abyssal Knight began the quest for the
                  | Orb.
     0 | Abyss:1  | Reached XP level 1. HP: 19/19 MP: 2/2
    78 | Abyss:1  | Noticed a lich
    78 | Abyss:1  | Noticed a rust devil
    79 | D:1      | Escaped the Abyss
   406 | D:1      | Reached XP level 2. HP: 23/25 MP: 3/3
   996 | D:1      | Found a faded altar of an unknown god.
  1137 | D:1      | Reached * piety under Lugonu
  1476 | D:1      | Reached XP level 3. HP: 31/31 MP: 4/4
  2092 | D:2      | Reached XP level 4. HP: 29/37 MP: 6/6
  2249 | D:2      | HP: 1/37 [acid (9)]
  2562 | D:2      | Noticed Robin
  2578 | D:2      | Reached ** piety under Lugonu
  2911 | D:2      | Killed Robin
  2912 | D:2      | Reached skill level 1 in Staves
  3286 | D:2      | Reached XP level 5. HP: 33/44 MP: 7/7
  3475 | D:1      | Reached skill level 2 in Staves
  3984 | D:3      | Found a glowing golden altar of the Shining One.
  4420 | D:3      | Noticed sn0wgr3's ghost (amateur MiFi)
  4426 | D:3      | Found a transporter.
  4437 | D:3      | Found a transporter.
  4438 | D:3      | Found a one-way gate to the infinite horrors of the Abyss.
  4468 | D:3      | Noticed a small abomination
  4546 | D:3      | Reached *** piety under Lugonu
  4552 | D:3      | Reached skill level 10 in Staves
  4552 | D:3      | Reached XP level 6. HP: 59/59 MP: 8/8
  4568 | D:3      | Noticed an ancient zyme
  4671 | D:4      | Noticed Blork the orc
  4687 | D:4      | Gained mutation: You curl defensively after being hit.
                  | [Palentonga growth]
  4687 | D:4      | Reached XP level 7. HP: 65/66 MP: 9/9
  4688 | D:4      | Killed Blork the orc
  4700 | D:4      | Identified the +6 whip of the Establishment {vorpal, rCorr
                  | Dex+6}
  4899 | D:4      | You fall into a shaft and drop 1 floor!
  4899 | D:5      | Entered Level 5 of the Dungeon
  5044 | D:4      | Noticed Eustachio
  5227 | D:4      | Found a glowing drain.
  5232 | Sewer    | Entered a sewer
  5831 | D:4      | Reached **** piety under Lugonu
  5931 | D:4      | Killed Eustachio
  6066 | D:4      | Found a glowing silver altar of Zin.
  6190 | D:5      | Found a staircase to the Ecumenical Temple.
  6197 | D:5      | Reached XP level 8. HP: 73/73 MP: 11/11
  6263 | Temple   | Entered the Ecumenical Temple
  6541 | D:5      | Found a white marble altar of Elyvilon.
  6563 | D:5      | Identified the +7 hunting sling of the Purse {venom, rPois
                  | MP+9 SInv}
  6634 | D:5      | Reached skill level 5 in Maces & Flails
  7066 | D:5      | Found Gobri's Antique Armour Shoppe.
  7159 | D:5      | Found a runed translucent door.
  7160 | D:5      | Noticed Crazy Yiuf
  7165 | D:5      | Killed Crazy Yiuf
  7175 | D:5      | Identified the +11 mace of Pyorchaef {freeze, Dex+3}
  7390 | D:5      | Found an ancient bone altar of Kikubaaqudgha.
  8399 | D:6      | Found a sacrificial altar of Ru.
  8479 | D:6      | Reached XP level 9. HP: 80/80 MP: 12/12
  8968 | D:7      | Noticed Maggie
  8980 | D:7      | Killed Maggie
  9276 | D:7      | Found a basalt altar of Yredelemnul.
  9413 | D:7      | Found a hazy altar of Hepliaklqana.
  9413 | D:7      | Found a bloodstained altar of Trog.
  9946 | D:8      | Found a snail-covered altar of Cheibriados.
  9978 | D:8      | Found a blossoming altar of Fedhas.
 10615 | D:8      | Noticed a two-headed ogre
 10639 | D:8      | Shot with an arrow by a centaur

Illustrated notes

Levels and vault maps discovered:
D:1:      zelgadis_glass_arrival_small, layout_loops_corners,
          chequers_ecumenical_altar_twisty
D:2:      cheibrodos_fertilizer, layout_basic, minmay_misc_feat_four_crosses,
          uniq_robin
D:3:      layout_basic, tso_altar, gammafunk_ghost_abyssal_escape
D:4:      layout_basic, zin_academy, gup_sewer_entry_spiral, uniq_eustachio,
          uniq_blork_the_orc
D:5:      kennysheep_steamy, layout_basic, nicolae_elyvilon_temple_path,
          lemuel_zombie_altar_kikubaaqudgha, minmay_temple_entry_antechambers,
          serial_shops, nicolae_shop_crystal, uniq_crazy_yiuf_cottage
D:6:      layout_basic, mainiacjoe_overflow_cross_hatched
D:7:      layout_loops_ring, gammafunk_temple_overflow_forgotten, uniq_maggie
D:8:      layout_rooms, lemuel_doored_altar, mainiacjoe_overflow_alcove_1,
          kennysheep_small_square
Temple:   nicolae_temple_hex_pool

Skill      XL: |  1  2  3  4  5  6  7  8  9 |
---------------+----------------------------+-----
Maces & Flails | 3 4 6 8 |  8.0
Invocations    | 3 4 |  4.0
Staves         | 1 10 | 10.2
Fighting       | 8 9 |  9.6
Armour         | |  1.5
Dodging        | |  0.7

Action                   |  1- 3 |  4- 6 |  7- 9 || total
-------------------------+-------+-------+-------++-------
Melee: Mace              |    78 |     7 |   113 ||   198
       Tailslap          |     8 |     7 |    39 ||    54
       Lajatang          |       |   129 |    14 ||   143
       Whip              |       |       |   104 ||   104
Invok: Depart the Abyss  |     1 |       |       ||     1
       Bend Space        |       |       |     4 ||     4
 Abil: Rolling Charge    |    25 |    34 |    63 ||   122
  Use: Scroll            |       |     4 |    13 ||    17
       Potion            |       |     1 |       ||     1
Armor: Leather armour    |     6 |       |    38 ||    44
       Ring mail         |    13 |    40 |       ||    53
       Chain mail        |       |     7 |    26 ||    33
       Swamp dragon scal |       |       |    18 ||    18
Dodge: Dodged            |    21 |    46 |    67 ||   134

Table legend: (Time is in decaauts)
 A = Elapsed time spent in this place.
 B = Non-inter-level travel time spent in this place.
 C = Inter-level travel time spent in this place.
 D = Time resting spent in this place.
 E = Time spent auto-exploring this place.
 F = Levels seen in this place.
 G = Mean time per level.
                   A        B        C        D        E       F      G
               +--------+--------+--------+--------+--------+-----+--------+
         Total |  10816 |  10427 |    389 |    987 |   7567 |  11 |  983.3 |
       Dungeon |  10108 |   9719 |    389 |    987 |   7057 |   8 | 1263.5 |
        Temple |      1 |      1 |      0 |      0 |      0 |   1 |    1.0 |
         Abyss |     85 |     85 |      0 |      0 |     82 |   1 |   85.0 |
         Sewer |    620 |    620 |      0 |      0 |    427 |   1 |  620.0 |
               +--------+--------+--------+--------+--------+-----+--------+

Top non-repeatable levels by time:
     D:2: 1999 daAuts
     D:5: 1728 daAuts
     D:1: 1695 daAuts
     D:6: 1041 daAuts
     D:4: 972 daAuts
     D:7: 952 daAuts
     D:3: 945 daAuts
     D:8: 773 daAuts
   Sewer: 620 daAuts
 Abyss:1: 85 daAuts
  Temple: 1 daAuts
